 Dungeon Sprint DCSS version 0.17-a0-1830-g81820eb (webtiles) character file.

50 Kidiri the Shield-Bearer (level 3, -4/24 HPs)
             Began as a Gargoyle Fighter on Sept 13, 2015.
             Slain by a water elemental (14 damage)
             ... in the Dungeon (Sprint III: "The Ten Rune Challenge").
             The game lasted 00:01:40 (322 turns).

Kidiri the Shield-Bearer (Gargoyle Fighter)          Turns: 322, Time: 00:01:45

Health: -4/24      AC: 10    Str: 20    XL:     3   Next: 79%
Magic:  3/3        EV:  8    Int: 10    God:
Gold:   15         SH:  9    Dex:  9    Spells: 0 memorised, 2 levels left

rFire  . . .     SeeInvis .     a - +0 flail
rCold  . . .     Rnd*Rage +     b - +0 scale mail
rNeg   + . .     SustAt   .     c - +0 shield
rPois  ∞         Gourm    .     (no helmet)
rElec  +         Spirit   .     (no cloak)
rCorr  .         Warding  .     (no gloves)
rMut   .         NoTele   +     (no boots)
MR     +....                    (no amulet)
Stlth  ..........               (no ring)
                                (no ring)

@: somewhat resistant to hostile enchantments, extremely unstealthy
A: berserk 1, clever 1, magic resistance 1, negative energy resistance 1,
electricity resistance, unbreathing, petrification resistance, rot immunity,
subdued magic 1, AC +3
a: no special abilities


You were in the Dungeon.
You were not hungry.

You visited 1 branch You collected 15 gold pieces.

Inventory:

Hand weapons
 a - a +0 flail (weapon)
Armour
 b - a +0 scale mail (worn)
 c - a +0 shield (worn)
Scrolls
 k - a scroll of blinking
 n - a scroll of torment
 p - 3 scrolls of remove curse
Potions
 d - a potion of might
 f - a potion of curing
 g - a potion of heal wounds
 h - a potion of haste
 i - 2 potions of magic
 j - a potion of berserk rage
 m - 4 potions of ambrosia {unknown}
 r - 2 potions of cure mutation
 s - 4 potions of flight
Comestibles
 e - 2 bread rations
 q - a royal jelly


   Skills:
 + Level 4.1 Fighting
 * Level 4.0 Maces & Flails
 * Level 5.0 Armour
 + Level 1.9 Dodging
 * Level 5.1 Shields


You had 2 spell levels left.
You didn't know any spells.

Dungeon Overview and Level Annotations

Branches:
Dungeon (1/1)

Altars:


Innate Abilities, Weirdness & Mutations

You are resistant to torment.
Your stone body is resilient (AC +3).
You are immune to poison.
You resist negative energy.
You are resistant to electric shocks.
You can survive without breathing.
You are immune to petrification.
You are immune to rotting.
You tend to lose your temper in combat.
Your mind is acute. (Int +2)
You are resistant to hostile enchantments.
Your spells are a little easier to cast, but a little less powerful.


Message History

Unknown command.
You sock the water elemental!
The water elemental is heavily damaged.
The water elemental hits you.
The water elemental engulfs you in water!
With effort, you pull free of the water engulfing you.
The water engulfing you falls away. You block the water elemental's attack.
You hit the water elemental but do no damage.
The water elemental is heavily damaged.
You block the water elemental's attack.
You hit the water elemental but do no damage.
The water elemental is heavily damaged.
You block the water elemental's attack.
You hit the water elemental.
The water elemental is severely damaged.
The water elemental hits you!
Ouch! That really hurt!
The water elemental hits you!
Ouch! That really hurt!
You die...

▓..#..#.....♣ ♣.#
▓#'####.....♣ ♣.#
▓..÷..#....≈♣ ♣.###+#+##
▓.....#...≈≈♣♣♣♣♣.#.......
▓.....#..≈≈≈≈♣....'.⌠.....
▓####'#..≈≈≈≈≈≈...#...####
▓(..[.#.≈≈≈≈≈≈....#.⌠.#
▓.....#.≈≈≈≈≈..E..#...#
▓.....#.≈≈≈...@...#+###
▓'#####...........#
▓.................#
▓▓▓▓▓▓▓▓▓▓▓▓▓▓▓▓▓▓▓


You could see a water elemental.

Vanquished Creatures
  Jessica (D)
  A human (D)
  A phantom (D)
  3 rats (D)
6 creatures vanquished.

Vanquished Creatures (others)
  2 draconian scorchers (D)
  A yaktaur (D)
  3 plants (D)
6 creatures vanquished.

Grand Total: 12 creatures vanquished

Notes
Turn   | Place    | Note
--------------------------------------------------------------
     0 | D        | Kidiri the Gargoyle Fighter began the quest for the Orb.
     0 | D        | Reached XP level 1. HP: 14/14 MP: 1/1
    15 | D        | Noticed Jessica
    21 | D        | Killed Jessica
    21 | D        | Reached skill level 4 in Armour
    21 | D        | Reached skill level 1 in Dodging
    21 | D        | Reached XP level 2. HP: 18/20 MP: 2/2
    21 | D        | Reached XP level 3. HP: 21/24 MP: 3/3
    97 | D        | Killed a yaktaur
    98 | D        | Reached skill level 5 in Armour
    98 | D        | Reached skill level 5 in Shields
   147 | D        | Killed a white draconian scorcher
   167 | D        | Killed a white draconian scorcher
   270 | D        | Gained mutation: You are resistant to hostile enchantments. [potion of mutation]
   270 | D        | Gained mutation: You tend to lose your temper in combat. [potion of mutation]
   271 | D        | Gained mutation: Your mind is acute. (Int +2) [potion of mutation]
   271 | D        | Gained mutation: Your spells are a little easier to cast, but a little less powerful. [potion of mutation]
   314 | D        | Noticed a water elemental
   322 | D        | Slain by a water elemental

Vault maps used:
D:        dungeon_sprint_mu

Action                   || total
-------------------------++-------
Melee: Flail             ||    44
  Use: Scroll            ||     3
       Potion            ||     2
